[Event "4NCL Div 2 2024-25"]
[Site "England"]
[Date "2025.02.16"]
[Round "6.20"]
[White "Jones, Steven A"]
[Black "Pitcher, John"]
[Result "1-0"]
[Annotator "ChessBase"]
[ECO "B48"]
[WhiteElo "2175"]
[BlackElo "2147"]
[PlyCount "73"]
[EventDate "2024.11.23"]
[EventType "team-tourn"]
[EventCountry "ENG"]
[SourceTitle "playchess.com"]
[Source "ChessBase"]
[SourceQuality "1"]
[TimeControl "40/6000+30:3000+30"]

1. e4 c5 2. Nf3 e6 3. d4 cxd4 4. Nxd4 Nc6 5. Nc3 Qc7 6. Be3 a6 7. Qd2 Nf6 8. O-O-O Be7 9. f4 b5 10. e5 b4 11. Ncb5 axb5 12. Nxb5 Qa5 13. exf6 gxf6 14. Nd6+ Bxd6 15. Qxd6 Qxa2 16. Rd3 Qa1+ 17. Kd2 Ra2 18. Bd4 Nxd4 19. Rxd4 b3 20. Rc4 Ra8 21. Rc5 Qa7 22. Bb5 Qb8 23. Qxb8 Rxb8 24. c4 Ke7 25. Ra1 Kd6 26. Rh5 f5 27. Kc3 Kc7 28. Rg5 Bb7 29. Rg7 Rhf8 30. Kxb3 d5 31. Kc3 dxc4 32. Bxc4 Kb6 33. g3 h5 34. Rh7 Bf3 35. Ra6+ Kb7 36. Rxe6 Rbd8 37. Re7+ 1-0

[Event "4NCL Div 2 2024-25"]
[Site "England"]
[Date "2025.02.16"]
[Round "6.21"]
[White "Dicen, Elis Denele"]
[Black "Saunders, Aron"]
[Result "0-1"]
[Annotator "NA"]
[ECO "D17"]
[WhiteElo "2100"]
[BlackElo "2106"]
[PlyCount "110"]
[EventDate "2024.11.23"]
[EventType "team-tourn"]
[EventCountry "ENG"]
[SourceTitle "playchess.com"]
[Source "ChessBase"]
[SourceQuality "1"]
[TimeControl "40/6000+30:3000+30"]

1. d4 d5 2. c4 c6 3. Nf3 Nf6 4. Nc3 dxc4 5. a4 Bf5 6. Nh4 e6 7. Nxf5 exf5 8. e3 Bd6 9. Bxc4 O-O 10. Qf3 Qd7 11. h3 Na6 12. Bd3 g6 13. O-O Nb4 14. Bb1 Nbd5 15. Bd2 Rfe8 16. Re1 Rad8 17. e4 Nxc3 18. bxc3 Nxe4 19. Bxe4 Rxe4 20. Rxe4 fxe4 21. Qxe4 Re8 22. Qd3 Qe6 23. Be3 f5 24. Rb1 Re7 25. Bd2 Qa2 26. c4 Qxa4 27. c5 Bb8 28. d5 cxd5 29. Qxd5+ Rf7 30. Bh6 Bc7 31. Rd1 Qh4 32. Bd2 Qe4 33. Qb3 Qe5 34. g3 Qxc5 35. Re1 Be5 36. Rc1 Qb6 37. Rc8+ Kg7 38. Bh6+ Kxh6 39. Qxf7 Bxg3 40. Qa2 Bf4 41. Kg2 Qd4 42. Re8 Qd7 43. Re6 b5 44. Re2 Qc6+ 45. f3 Qf6 46. Qxa7 Qg5+ 47. Kf1 Qg3 48. Rf2 Qxh3+ 49. Rg2 Qxf3+ 50. Rf2 Qh1+ 51. Ke2 Qe4+ 52. Kf1 Bg3 53. Ra2 f4 54. Ra6 f3 55. Ra1 Qe2+ 0-1

[Event "4NCL Div 2 2024-25"]
[Site "England"]
[Date "2025.02.16"]
[Round "6.22"]
[White "Hng, Mei-Xian Eunice"]
[Black "Fellowes, Billy"]
[Result "0-1"]
[Annotator "TA"]
[ECO "E91"]
[WhiteElo "2082"]
[BlackElo "2055"]
[PlyCount "86"]
[EventDate "2024.11.23"]
[EventType "team-tourn"]
[EventCountry "ENG"]
[SourceTitle "playchess.com"]
[Source "ChessBase"]
[SourceQuality "1"]
[TimeControl "40/6000+30:3000+30"]

1. Nf3 Nf6 2. c4 g6 3. d4 Bg7 4. Nc3 d6 5. e4 O-O 6. h3 e5 7. dxe5 dxe5 8. Be3 Qe7 9. Be2 c6 10. O-O Na6 11. a3 {[%emt 0:03:47] E91: King's Indian: Classical: 6 Be2, unusual replies including 6...c5 and 6...Bg4.} Nc5 12. Qc2 Nh5 13. b4 {[%emt 0:04:44] The position is equal.} Ne6 14. Rfd1 {[%emt 0:02:34] Prevents Nd4.} Nhf4 15. Bf1 f5 16. c5 Kh8 17. Rd6 Nh5 $146 (17... fxe4 $11 18. Qxe4 Ng5 19. Nxg5 Qxg5) ({Predecessor:} 17... fxe4 18. Qxe4 Ng5 19. Nxg5 Qxg5 20. Kh1 Qh5 21. Kh2 g5 22. f3 Bf5 23. Qc4 g4 24. fxg4 Bxg4 {0-1 Castilho,M (2166)-Grego,L (2026) POR Honra Gr14 email 2009}) 18. exf5 (18. Rad1 $16) 18... gxf5 $11 19. Rad1 (19. Re1 $5) 19... e4 20. Nd4 Ng5 21. Qe2 f4 $1 22. Qxh5 fxe3 23. fxe3 Be5 {[%emt 0:01:18][%cal Oe7g7] The board is on fire.} 24. Rh6 $2 {[%emt 0:03:22] [#] This move loses the game for White.} (24. h4 $11 Qf7 25. Qxf7 (25. Qxg5 $2 {is a self mate.} Qf2+ 26. Kh1 Qxf1+ 27. Rxf1 Rxf1#) 25... Nxf7 26. Nxe4) 24... Qg7 $1 $19 25. g4 Nf7 26. Rd6 Bxd6 27. cxd6 Nxd6 28. Bg2 (28. Kh1 $17) 28... Nc4 29. Re1 {[%emt 0:00:44] [#]} Nxe3 $1 30. Rxe3 {[%emt 0:00:20][%cal Og2e4] aiming for Bxe4!.} Qxd4 31. Qc5 Qxc5 32. bxc5 Bd7 33. Rxe4 $2 (33. Nxe4 Rfe8 34. Re2) 33... Rae8 34. Rb4 Bc8 35. Rd4 $2 (35. Ne4) 35... Re3 {[%emt 0:02:13] Black is clearly winning.} 36. Ne4 Rxa3 37. Rb4 a5 38. Rb6 a4 39. Rb4 Ra1+ 40. Kh2 a3 41. Kg3 a2 42. Ra4 Be6 {[%emt 0:00:08] White must now prevent ...Rg1.} 43. Ra3 Rc1 {[%emt 0:00:32] Weighted Error Value: White=0.49/Black=0.13 (very precise)   Loses game:     	White=1     	---        Mistake:       	White=4     	Black=1      Inaccurate:     	White=3     	Black=1      OK:         	White=6     	Black=12     Best:        	White=2     	Black=1      Strong:       	---       	Black=2} 0-1

[Event "4NCL Div 2 2024-25"]
[Site "England"]
[Date "2025.02.16"]
[Round "6.23"]
[White "Fallowfield, Jeremy R"]
[Black "Turner, Lewis A"]
[Result "0-1"]
[Annotator "TA"]
[ECO "B23"]
[WhiteElo "2072"]
[BlackElo "1984"]
[PlyCount "95"]
[EventDate "2024.11.23"]
[EventType "team-tourn"]
[EventCountry "ENG"]
[SourceTitle "playchess.com"]
[Source "ChessBase"]
[SourceQuality "1"]
[TimeControl "40/6000+30:3000+30"]

1. e4 c5 2. Nc3 g6 3. f4 Bg7 4. Nf3 Nc6 5. a4 e6 6. e5 {[%emt 0:00:10] B23: Closed Sicilian: Lines without g3.} d6 7. Bb5 Nge7 8. Ne4 {[%emt 0:00:55] The position is equal.} dxe5 9. fxe5 O-O 10. Nf6+ Kh8 11. d4 Nxd4 {[%emt 0:02:27] ...a6 poses a challenge} 12. c3 (12. Nxd4 Qxd4 13. Qxd4 cxd4 14. O-O) 12... Ndc6 $146 ({Predecessor:} 12... Nxb5 13. Qxd8 Rxd8 14. Ng5 Rf8 15. axb5 Bxf6 16. exf6 Ng8 17. O-O b6 18. Bf4 h6 {1-0 Kadric,D (2553)-Niekras,D (2353) Titled Tuesday intern op 06th Aug Early blitz 2024 (9)}) 13. Bg5 Qxd1+ 14. Rxd1 {[%emt 0:01:43] A sharp opening} a6 $1 15. Be2 {[%emt 0:17:31] White sacrificed a pawn} Nd5 16. Nxd5 exd5 17. Rxd5 Be6 18. Rxc5 Rac8 19. a5 Nxe5 20. Rxe5 Bxe5 21. Nxe5 f6 22. Bh6 Rfe8 23. Nd3 {[%emt 0:03:39] Black must now prevent Kd2.} Bg4 24. Nc1 Bxe2 25. Nxe2 Rc5 26. Kd2 (26. Rf1 Rh5 27. Bd2 Rxh2 $16) 26... Rxa5 27. Nd4 {[%emt 0:01:55] Wards off Rf5} Kg8 28. g4 Rd5 29. Be3 Rde5 30. Bf2 Kf7 31. Rf1 Kg7 (31... Re4 $14 {was preferable.}) 32. Bh4 $16 g5 33. Bg3 Rd5 34. Rf5 Rxf5 35. Nxf5+ Kg6 36. Kd3 {[%emt 0:00:04] Inhibits Re4.} (36. Nd6 $16 Re7 37. c4) 36... h5 $11 37. h3 h4 38. Bf2 Re5 (38... b5 $14) 39. Be3 (39. c4 $16) 39... Ra5 $1 $14 40. Ke4 $2 {[%emt 0:01:02] [#]} (40. Kc2 $14 {keeps the upper hand.}) 40... Ra2 $1 $17 {[%emt 0:00:58][%mdl 1024] Black has strong compensation.} 41. b4 {[%emt 0:27:31] [#]} Rc2 $1 42. Bd4 Rh2 43. Ne7+ Kf7 44. Nd5 Rxh3 45. Bxf6 Kg6 {[%emt 0:01:24] ...Rg3 is the strong threat.} 46. Ke5 $2 (46. Be5 $17) 46... Rf3 47. Ne7+ $2 (47. Ke6) 47... Kf7 $19 48. Kd4 {Weighted Error Value: White=0.39/Black=0.09 (flawless)   Loses game:     	White=1     	---        Mistake:       	White=4     	Black=2      Inaccurate:     	White=1     	Black=2      OK:         	White=18    	Black=14     Best:        	White=2     	Black=6      Strong:       	---       	Black=4} 0-1

[Event "4NCL Div 2 2024-25"]
[Site "England"]
[Date "2025.02.16"]
[Round "6.24"]
[White "Taylor, William J"]
[Black "Brooks, Phil J"]
[Result "1/2-1/2"]
[Annotator "NA"]
[ECO "D13"]
[WhiteElo "1994"]
[BlackElo "2124"]
[PlyCount "53"]
[EventDate "2024.11.23"]
[EventType "team-tourn"]
[EventCountry "ENG"]
[SourceTitle "playchess.com"]
[Source "ChessBase"]
[SourceQuality "1"]
[TimeControl "40/6000+30:3000+30"]

1. d4 d5 2. c4 c6 3. Nc3 Nf6 4. cxd5 cxd5 5. Nf3 Nc6 6. Bf4 a6 7. e3 Bf5 8. Bd3 Bxd3 9. Qxd3 e6 10. O-O Be7 11. h3 O-O 12. Rac1 Rc8 13. Ne5 Qa5 14. a3 Rfd8 15. Rc2 Nxe5 16. Bxe5 Rc6 17. Bxf6 Bxf6 18. Rfc1 h6 19. g3 Rdc8 20. Ne2 Rxc2 21. Rxc2 Rc7 22. Rxc7 Qxc7 23. Qc3 Bd8 24. Kf1 Qxc3 25. Nxc3 Kf8 26. Ke2 Ke7 27. Kd3 1/2-1/2

[Event "4NCL Div 2 2024-25"]
[Site "England"]
[Date "2025.02.16"]
[Round "6.25"]
[White "Webb, Richard M"]
[Black "Bisby, Daniel L"]
[Result "1-0"]
[Annotator "ChessBase"]
[ECO "B30"]
[WhiteElo "2172"]
[BlackElo "2290"]
[PlyCount "163"]
[EventDate "2024.11.23"]
[EventType "team-tourn"]
[EventCountry "ENG"]
[SourceTitle "playchess.com"]
[Source "ChessBase"]
[SourceQuality "1"]
[TimeControl "40/6000+30:3000+30"]

1. e4 c5 2. Nc3 Nc6 3. Bb5 Nd4 4. Nf3 e6 5. O-O a6 6. Bd3 Nc6 7. b3 g6 8. Bb2 Bg7 9. Na4 Bxb2 10. Nxb2 d6 11. Nc4 b5 12. Ne3 Nf6 13. c3 O-O 14. Bc2 e5 15. d4 exd4 16. cxd4 cxd4 17. Nxd4 Nb4 18. Qd2 Nxc2 19. Ndxc2 Bb7 20. f3 d5 21. e5 Nd7 22. f4 Nc5 23. Nd4 Ne4 24. Qd3 Rc8 25. Rac1 Qa5 26. a4 bxa4 27. bxa4 Qxa4 28. f5 Rxc1 29. Rxc1 Rc8 30. Rxc8+ Bxc8 31. h3 Qa1+ 32. Kh2 Qh1+ 33. Kxh1 Nf2+ 34. Kh2 Nxd3 35. fxg6 Be6 36. gxh7+ Kxh7 37. Nc6 Bd7 38. Nb8 Bb5 39. Nxd5 Nxe5 40. Nc7 Kg7 41. Nbxa6 Bc6 42. Nb4 Bb7 43. Ne8+ Kf8 44. Nd6 Ba8 45. g4 f6 46. Kg3 Bf3 47. Nf5 Bxg4 48. hxg4 Nxg4 49. Kxg4 Kf7 50. Kf4 Ke6 51. Ke4 Kd7 52. Kd5 Kc7 53. Nc6 Kb6 54. Ncd4 Kc7 55. Kc5 Kd7 56. Kb6 Ke8 57. Ne6 Kd7 58. Nf4 Kd8 59. Kc6 Ke8 60. Kc7 Kf7 61. Kd7 Kf8 62. Ng6+ Kf7 63. Nge7 Kf8 64. Ke6 Ke8 65. Ng6 Kd8 66. Kd6 Ke8 67. Nf4 Kf7 68. Kd7 Kf8 69. Nd6 f5 70. Ke6 Kg7 71. Ke7 Kg8 72. Ne8 Kh7 73. Kf7 Kh6 74. Kf6 Kh7 75. Ng7 Kg8 76. Nge6 Kh7 77. Kg5 Kg8 78. Kg6 Kh8 79. Nh5 f4 80. Nf6 f3 81. Ng5 f2 82. Nf7# 1-0

[Event "4NCL Div 2 2024-25"]
[Site "England"]
[Date "2025.02.16"]
[Round "6.26"]
[White "Gallagher, Daniel GH"]
[Black "Cooksey, Paul S"]
[Result "1/2-1/2"]
[Annotator "ChessBase"]
[ECO "B10"]
[WhiteElo "2203"]
[BlackElo "2234"]
[PlyCount "83"]
[EventDate "2024.11.23"]
[EventType "team-tourn"]
[EventCountry "ENG"]
[SourceTitle "playchess.com"]
[Source "ChessBase"]
[SourceQuality "1"]
[TimeControl "40/6000+30:3000+30"]

1. e4 c6 2. Nf3 d5 3. d3 dxe4 4. dxe4 Qxd1+ 5. Kxd1 Nf6 6. Nbd2 g6 7. Bd3 Bh6 8. Ke2 Bg4 9. a4 Bxf3+ 10. Kxf3 Nbd7 11. b4 O-O 12. Ke2 Ng4 13. f3 Nge5 14. Bb2 Bg7 15. Rhb1 Rfd8 16. f4 Nxd3 17. cxd3 Nf8 18. Bxg7 Kxg7 19. Nb3 Ne6 20. Ke3 Rd7 21. Nc5 Nxc5 22. bxc5 Rad8 23. Ra3 e6 24. a5 Rc7 25. Rb4 a6 26. Rab3 Rdd7 27. g4 f6 28. h4 h6 29. Rd4 Rxd4 30. Kxd4 Rd7+ 31. Ke3 g5 32. hxg5 hxg5 33. f5 exf5 34. gxf5 Kf8 35. Kf3 Rh7 36. Kg3 Ke8 37. d4 Rh4 38. e5 Rxd4 39. exf6 Kf7 40. Rxb7+ Kxf6 41. Rb6 Kxf5 42. Rxc6 1/2-1/2

[Event "4NCL Div 2 2024-25"]
[Site "England"]
[Date "2025.02.16"]
[Round "6.27"]
[White "Thompson, Ian D"]
[Black "Hill, Alistair"]
[Result "1/2-1/2"]
[Annotator "TA"]
[ECO "A34"]
[WhiteElo "2010"]
[BlackElo "2076"]
[PlyCount "109"]
[EventDate "2024.11.23"]
[EventType "team-tourn"]
[EventCountry "ENG"]
[SourceTitle "playchess.com"]
[Source "ChessBase"]
[SourceQuality "1"]
[TimeControl "40/6000+30:3000+30"]

1. c4 Nf6 2. Nc3 c5 3. g3 d5 4. cxd5 Nxd5 5. Bg2 Nc7 6. Nf3 Nc6 7. O-O e5 8. d3 Be7 9. Nd2 O-O 10. Nc4 f6 11. f4 exf4 {[%emt 0:00:06] A34: Symmetrical English: 2 Nc3, lines with ...d5.} 12. Bxf4 Kh8 13. Rc1 $146 ({Predecessor:} 13. a4 Be6 14. a5 Nd5 15. a6 b6 16. Bd2 Qd7 17. Qa4 Rad8 18. Rf2 Rf7 19. Nxd5 Bxd5 20. Bxd5 Qxd5 {½-½ Gordievsky,D (2474)-Khairullin,I (2658) RUS-ch Higher League 66th 2013 (1)}) 13... Re8 14. Ne4 Ne6 15. Ned6 (15. Bd6 $5) 15... Rf8 {[%emt 0:06:31] Prevents Nf7+.} 16. Bxc6 Nxf4 (16... bxc6 $14 17. Nxc8 Qxc8) 17. Rxf4 (17. Bxb7 Nh3+ (17... Bxb7 18. Nxb7 Nh3+ 19. Kg2 $11) 18. Kg2 Bxb7+ 19. Nxb7 (19. Kxh3 $2 Bxd6 20. e4 Bc7 $19) 19... Qd7 $14) (17. Nxb7 $16 Nh3+ 18. Kh1) 17... Bxd6 $11 18. Nxd6 Qxd6 19. Bg2 Be6 20. Qc2 Qb6 21. Kh1 (21. Qxc5 $2 Rfc8 (21... Bxa2 $2 22. Qxb6 axb6 23. Rb4 $18) 22. Qxb6 Rxc1+ 23. Kf2 axb6 $19) 21... Rac8 ({Of course not} 21... Bxa2 $6 22. b4 $16) 22. b3 Rfd8 23. Rcf1 Rd4 24. Be4 Bd5 25. Bxd5 Rxd5 26. Rc4 {[%emt 0:00:00] Not much happening anymore} Rcd8 27. Rc1 Qe6 28. Rxc5 Rxc5 29. Qxc5 Qxe2 30. Qxa7 {[%emt 0:00:51][%mdl 4096] Endgame KQR-KQR. White is a pawn up.} Qf3+ 31. Kg1 Qxd3 32. Re1 Qd2 33. Qe3 {[%emt 0:01:44][%cal Oe3e8] [#] Qe8+! would kill now.} h5 ({Worse is} 33... Qxa2 34. Qe8+ Rxe8 35. Rxe8#) 34. Qe2 Qd4+ 35. Qf2 Kh7 36. Qxd4 Rxd4 {[%emt 0:00:02] KR-KR} 37. Kf2 Kg6 38. Ke3 Rd7 39. Rc1 Kg5 40. Rc4 Re7+ 41. Kf3 Rd7 42. Rb4 Kg6 (42... Kh6 $14) 43. a4 Kf7 44. h4 (44. Rb6 $16) 44... g5 $14 45. hxg5 fxg5 {[%emt 0:00:06] The position is equal.} 46. Rb6 h4 47. gxh4 gxh4 48. Kg4 Ke7 49. Kxh4 Kd8 50. Kg5 Kc7 51. Rb5 Rf7 52. a5 Rf3 53. b4 Rf1 54. Rb6 Rf2 55. Kg4 {[%emt 0:00:00] Weighted Error Value: White=0.11 (very precise) /Black=0.11 (very precise)   Mistake:       	White=2     	Black=2      Inaccurate:     	White=3     	Black=5      OK:         	White=17    	Black=10     Best:        	White=1     	Black=3} 1/2-1/2

[Event "4NCL Div 2 2024-25"]
[Site "England"]
[Date "2025.02.16"]
[Round "6.28"]
[White "Goh, Jinghan Cameron"]
[Black "Purdon, Colin"]
[Result "0-1"]
[Annotator "TA"]
[ECO "E64"]
[WhiteElo "2017"]
[BlackElo "1957"]
[PlyCount "54"]
[EventDate "2024.11.23"]
[EventType "team-tourn"]
[EventCountry "ENG"]
[SourceTitle "playchess.com"]
[Source "ChessBase"]
[SourceQuality "1"]
[TimeControl "40/6000+30:3000+30"]

1. d4 Nf6 2. c4 g6 3. g3 Bg7 4. Bg2 O-O 5. Nc3 c5 6. d5 d6 7. Nf3 Na6 8. O-O Nc7 9. a4 b6 10. h3 a6 11. e4 Rb8 12. Re1 b5 {[%emt 0:07:08] E64: King's Indian: Fianchetto: 6...c5 7 d5.} 13. e5 Nfe8 (13... Nd7 $1 $14) 14. Bf4 (14. b3 $1 $16) 14... bxc4 $15 {[%emt 0:06:01] Black is slightly better.} 15. Qd2 {[%emt 0:00:43] White sacrificed a pawn} Rb3 $146 ({Predecessor:} 15... Bf5 16. Bf1 Rb4 17. Ra2 Qc8 18. g4 Bd3 19. Bxd3 cxd3 20. Bg3 h5 21. gxh5 Qxh3 22. Qxd3 Qxh5 {0-1 Jirka,J (2406)-Docekal,J (2263) CZE-chT1W 1011 2010 (5.1)}) 16. Bf1 Rb4 17. g4 Bb7 18. Rad1 ({White should try} 18. Be3) 18... e6 $17 19. Bg5 Qd7 20. dxe6 fxe6 ({Black should play} 20... Nxe6 21. Nd5 Qxa4 22. Nxb4 Bxf3 23. exd6 cxb4 (23... Bxd1 24. Rxe6 fxe6 25. d7 $17)) 21. exd6 Bxf3 22. dxc7 Qxc7 {[%emt 0:00:25][%csl Ob2] White must now prevent ...Bd4. White has weak pawns} 23. Be2 $2 {[%emt 0:01:16][%mdl 8192] [#] Now White is beyond hope.} (23. Rxe6 $15 Bd4 (23... Bxd1 24. Nxd1 Bd4 25. Bh6 $17) 24. Be3) 23... Bd4 $1 $19 {[%emt 0:03:24] ( -> ...Qg3+)} 24. Be3 {[%emt 0:01:25] [#] and Bxf3 would now be decisive} Rxb2 $1 25. Qc1 (25. Qxb2 $142 Bxe3 26. Bxf3 Qg3+ 27. Kf1 Bxf2 28. Qxf2 Rxf3 29. Ne4 Qxh3+ (29... Rxf2+ $2 30. Nxf2 Qb8 31. Rxe6 $19) 30. Kg1 Rxf2 (30... Qxg4+ $2 31. Qg2 $18) 31. Nxf2 Qg3+ 32. Kf1) 25... Bxc3 $2 (25... Bb7 {[%cal Of8f2] ( -> ...Rxf2!)} 26. Ne4 Rxf2 (26... Bxe4 $2 27. Bxd4 cxd4 28. Qxc4 $19) 27. Bxf2 Bxf2+ (27... Bxe4 $2 {perishes.} 28. Rxd4 cxd4 29. Qxb2 $18) 28. Kxf2 Bxe4) 26. Bxf3 $2 (26. Bxc4 Bxe1 (26... Qe5 $2 27. Bh6 $19) 27. Bxe6+ Kh8 (27... Rf7 $2 28. Rd7 $19) 28. Qxb2+ Qg7 29. Rb1) 26... Rxf3 (26... Rb3 $2 27. Bg2 $19) 27. Qxc3 {[%emt 0:00:46] [#]} Rbxf2 $3 {[%emt 0:00:14][%mdl 512] Weighted Error Value: White=1.40/Black=0.57  Loses game:     	White=1     	---        Mistake:       	White=4     	Black=3      Inaccurate:     	White=3     	Black=1      OK:         	White=4     	Black=2      Best:        	White=1     	Black=3      Strong:       	---       	Black=2} 0-1

[Event "4NCL Div 2 2024-25"]
[Site "England"]
[Date "2025.02.16"]
[Round "6.29"]
[White "Shek, Daniel"]
[Black "Mihalik, Agoston"]
[Result "0-1"]
[Annotator "NA"]
[ECO "A28"]
[WhiteElo "1873"]
[BlackElo "2133"]
[PlyCount "140"]
[EventDate "2024.11.23"]
[EventType "team-tourn"]
[EventCountry "ENG"]
[SourceTitle "playchess.com"]
[Source "ChessBase"]
[SourceQuality "1"]
[TimeControl "40/6000+30:3000+30"]

1. c4 e5 2. Nc3 Nf6 3. Nf3 Nc6 4. e4 Bb4 5. d3 d6 6. a3 Bc5 7. h3 h6 8. b4 Bb6 9. Na4 Bd4 10. Nxd4 Nxd4 11. Be3 Ne6 12. Be2 O-O 13. O-O c6 14. f4 exf4 15. Bxf4 Nxf4 16. Rxf4 Qe7 17. Qd2 c5 18. bxc5 dxc5 19. Qe3 b6 20. Raf1 Nd7 21. Nc3 Bb7 22. Nd5 Bxd5 23. cxd5 Ne5 24. Qg3 Rad8 25. Rf5 f6 26. Qe3 Kh7 27. g4 g5 28. h4 Ng6 29. hxg5 hxg5 30. R1f2 Kg7 31. d4 cxd4 32. Qxd4 Ne5 33. a4 Kg6 34. Kg2 Qd6 35. Rf1 Rc8 36. Bd1 Rc7 37. Qf2 Rff7 38. Qg3 Kg7 39. Qh2 Kf8 40. a5 b5 41. Be2 a6 42. Qh3 Ke7 43. Qe3 Kd7 44. Qb6 Qxb6 45. axb6 Rc2 46. Rxe5 Rxe2+ 47. Kg1 Kc8 48. Re6 b4 49. d6 Kb7 50. e5 Kxb6 51. Rexf6 Rd7 52. R6f5 b3 53. Rb1 b2 54. Rf3 Rxe5 55. Rxb2+ Rb5 56. Rd2 Kc6 57. Kf2 a5 58. Rfd3 a4 59. Kg3 Rb3 60. Rc2+ Kb5 61. Rxb3+ axb3 62. Rd2 Kc4 63. Kf3 Kc3 64. Ke2 b2 65. Rd3+ Kc2 66. Rd2+ Kb3 67. Rd3+ Ka2 68. Rd2 Ka1 69. Rxb2 Kxb2 70. Ke3 Rxd6 0-1

[Event "4NCL Div 2 2024-25"]
[Site "England"]
[Date "2025.02.16"]
[Round "6.30"]
[White "Sivanandan, Bodhana"]
[Black "Duckers, Harvey L"]
[Result "1-0"]
[Annotator "TA"]
[ECO "C09"]
[WhiteElo "2082"]
[BlackElo "1900"]
[PlyCount "93"]
[EventDate "2024.11.23"]
[EventType "team-tourn"]
[EventCountry "ENG"]
[SourceTitle "playchess.com"]
[Source "ChessBase"]
[SourceQuality "1"]
[TimeControl "40/6000+30:3000+30"]

1. e4 e6 2. d4 d5 3. Nd2 c5 4. exd5 exd5 5. Ngf3 Nc6 6. Bb5 Bd6 7. O-O Nge7 8. dxc5 Bxc5 9. Nb3 Bd6 10. h3 O-O 11. Re1 Bf5 {[%emt 0:02:31] C09: French Tarrasch: 3...c5 4 exd5 exd5 5 Ngf3 Nc6.} 12. Nfd4 Bg6 13. Be3 a6 {[%emt 0:00:21] The position is equal.} 14. Bxc6 $146 ({Predecessor:} 14. Bd3 Bxd3 15. Qxd3 Ne5 16. Qe2 Nc4 17. c3 Nxe3 18. Qxe3 Qd7 19. Rad1 Nc6 20. Nxc6 bxc6 21. Nc5 Qa7 22. Nb3 Qd7 23. Nc5 Qa7 24. Nb3 Qd7 25. Nc5 {½-½ Sankova,S (1742)-Kovarik,M (1885) Kouty nad Desnou op-A 2015 (6)}) 14... bxc6 15. Nf3 Nf5 16. Bc5 Bxc5 17. Nxc5 Qd6 18. b4 Rfb8 (18... a5 $11 {keeps the balance.}) 19. a3 {[%emt 0:00:43] White is more active.} a5 20. c3 Ra7 21. Rc1 (21. g4 $16 Ne7 22. Qd4) 21... axb4 $14 22. axb4 h6 (22... h5 $14) 23. Nd4 {[%emt 0:04:39] A dynamic duo of knights.} (23. g4 $16 Ne7 24. Qd4) 23... Qf6 24. Ncb3 Rc8 25. Nxf5 (25. Qf3 {simplifies} Nxd4 26. Qxf6 gxf6 27. Nxd4 c5 28. bxc5 Rxc5 29. Rcd1) 25... Bxf5 26. Qf3 Qg6 27. Ra1 Be4 28. Qg4 Rca8 29. Qxg6 fxg6 30. f3 Rxa1 31. Rxa1 Rxa1+ 32. Nxa1 {[%emt 0:00:09][%mdl 4096] Endgame KB-KN} Bf5 33. h4 (33. Nb3 $14) 33... Kf7 $11 34. Kf2 Ke7 35. Ke3 g5 36. hxg5 hxg5 37. Nb3 Kd6 38. Kd4 Bc2 (38... Bc8 $11) 39. Nd2 $1 $16 Bd1 {[%emt 0:01:33] [#]} 40. Nf1 $1 Ke6 41. Ne3 Be2 (41... Ba4 $16 42. Kc5 Ke5) 42. Nc2 $2 (42. Kc5 $18) 42... Bf1 $2 {[%emt 0:00:15][%mdl 8192] [#]} (42... Bd1 $11 {and Black has nothing to worry.} 43. Ne3 Ba4) 43. g3 (43. Kc5 $1 $18 {[%cal Rc5c6] is the precise move to win.}) 43... Be2 $2 (43... Kd6 $16 44. Ne3 Bh3) 44. Kc5 $18 {[%emt 0:01:33] Strongly threatening Nd4+. White is clearly winning.} Bd1 45. Nd4+ Kd7 46. Nxc6 Kc7 47. Nd4 {[%emt 0:00:09] Weighted Error Value: White=0.30/Black=0.56  Loses game:     	---       	Black=3      Missed win:     	White=1     	---        Mistake:       	White=4     	Black=3      Inaccurate:     	White=1     	Black=2      OK:         	White=5     	Black=9      Best:        	White=2     	---        Strong:       	White=2     	---} (47. Kxd5 $2 {loses.} Bxf3+ 48. Ke6 Kxc6 $19) 1-0

[Event "4NCL Div 2 2024-25"]
[Site "England"]
[Date "2025.02.16"]
[Round "6.31"]
[White "Tart, Peter K"]
[Black "Starley, Robert"]
[Result "0-1"]
[Annotator "TA"]
[ECO "B01"]
[WhiteElo "1903"]
[BlackElo "2036"]
[PlyCount "56"]
[EventDate "2024.11.23"]
[EventType "team-tourn"]
[EventCountry "ENG"]
[SourceTitle "playchess.com"]
[Source "ChessBase"]
[SourceQuality "1"]
[TimeControl "40/6000+30:3000+30"]

1. e4 d5 2. exd5 Qxd5 3. Nc3 Qa5 4. b4 Qxb4 5. Rb1 Qd6 6. Bc4 {[%emt 0:02:57] B01: Scandinavian Defence.} Nf6 7. Nf3 e6 8. d4 {[%emt 0:03:18] The position is equal.} Be7 9. O-O {[%emt 0:04:51] White sacrificed a pawn} O-O 10. Qe2 a6 11. Ne4 $146 ({Predecessor:} 11. Rd1 b5 12. Bd3 Bb7 13. Ng5 Nbd7 14. Rb3 c5 15. dxc5 Qc6 16. Nce4 h6 17. Nxf6+ Nxf6 {0-1 Molano Lafuente,I (2025)-Munoz Pantoja,M (2435) Canovelles op 2021 (6)}) 11... Nxe4 12. Qxe4 Qd8 13. Ne5 (13. Re1 $14 {might be stronger.}) 13... Nd7 $11 14. Nxf7 Rxf7 $17 15. Qxe6 Qf8 16. Re1 (16. Qe3 $17) 16... Nb6 $19 17. Qxf7+ Qxf7 18. Bxf7+ Kxf7 19. Rb3 Bf6 ({Not} 19... Be6 20. Rbe3 Bg5 21. Rxe6 $16) 20. Bf4 Nd5 (20... Bxd4 21. Bxc7 Nd7 22. Bd6 $15) 21. Be5 b5 22. Rf3 Bg4 23. Rg3 Be6 24. a4 (24. h4 $142) 24... b4 ({Much less strong is} 24... bxa4 25. h4 $19) 25. a5 Rb8 26. f4 (26. Bxf6 $142 gxf6 27. Rb3) 26... Rb5 {[%emt 0:01:07] Black is clearly winning.} 27. Ra1 Bf5 28. Ra2 Nc3 {[%emt 0:00:28] Weighted Error Value: White=0.35/Black=0.04 (flawless)   Mistake:       	White=5     	---        Inaccurate:     	White=1     	Black=2      OK:         	White=8     	Black=13     Best:        	---       	Black=1} 0-1